 Dungeon Crawl Stone Soup version 0.30-a0-465-g8901f6c8b5 (webtiles) character file.

Game seed: 16940868139737236541

529 Coaxmetal the Sneak (level 7, -2/36 HPs)
             Began as a Deep Elf Enchanter on Dec 19, 2022.
             Slain by Duvessa
             ... wielding a +0 short sword
              (5 damage)
             ... on level 5 of the Dungeon.
             The game lasted 00:10:31 (4818 turns).

Coaxmetal the Sneak (Deep Elf Enchanter)            Turns: 4818, Time: 00:10:31

Health: -2/36      AC:  3    Str:  5    XL:     7   Next: 3%
Magic:  2/13       EV: 13    Int: 20    God:
Gold:   219        SH:  0    Dex: 17    Spells: 7/12 levels left

rFire   . . .      SeeInvis .    a - +1 dagger
rCold   . . .      Faith    .    (no shield)
rNeg    . . .      Spirit   .    b - +0 robe
rPois   .          Reflect  .    (no helmet)
rElec   .          Harm     .    (no cloak)
rCorr   .          Rampage  .    j - +0 pair of gloves
Will    .....                    (no boots)
Stlth   ++++......               (no amulet)
HPRegen 0.26/turn                (no ring)
MPRegen 0.13/turn                (no ring)

@: invisible
A: no striking features
a: no special abilities


You were on level 5 of the Dungeon.
You visited 1 branch of the dungeon, and saw 5 of its levels.

You collected 219 gold pieces.

Inventory:

Hand Weapons
 a - a +1 dagger (weapon)
Missiles
 h - 22 stones (quivered)
 u - 6 poisoned darts
Armour
 b - a +0 robe (worn)
 j - a +0 pair of gloves (worn)
Jewellery
 m - a ring of fire
Scrolls
 d - a scroll of butterflies {unknown}
 e - 8 scrolls of identify {unknown}
 n - 3 scrolls of vulnerability {unknown}
 o - 2 scrolls of enchant armour {unknown}
 q - 2 scrolls of fear {unknown}
 s - 2 scrolls of noise {unknown}
 t - 3 scrolls of teleportation {unknown}
Potions
 c - a potion of invisibility
 f - a potion of ambrosia {unknown}
 g - 6 potions of curing {unknown}
 i - a potion of cancellation {unknown}
 k - 2 potions of magic {unknown}
 l - a potion of flight {unknown}
 p - a potion of resistance {unknown}
 r - a potion of brilliance {unknown}
 v - 3 potions of heal wounds {unknown}


   Skills:
 + Level 4.8 Short Blades
 - Level 2.4 Dodging
 + Level 7.0 Stealth
 - Level 3.0 Spellcasting
 * Level 4.2 Hexes
 - Level 3.0 Ice Magic


You had 7 spell levels left.
You knew the following spells:

 Your Spells              Type           Power      Damage    Failure   Level
a - Ensorcelled Hibernat  Hex/Ice        34%        N/A       4%          2
b - Confusing Touch       Hex            20%        N/A       8%          3

Your spell library contained the following spells:

 Spells                   Type           Power      Damage    Failure   Level
 Tukima's Dance           Hex            20%        N/A       8%          3
 Dazzling Flash           Conj/Hex       22%        N/A       19%         3
 Portal Projectile        Hex/Tloc       22%        N/A       19%         3
 Blink                    Tloc           6%         N/A       22%         2
 Stone Arrow              Conj/Erth      6%         3d7       38%         3
 Freezing Cloud           Conj/Ice/Air   3%         6-21      95%         5
 Irradiate                Conj/Tmut      1%         3d12      98%         5


Dungeon Overview and Level Annotations

Branches:
Dungeon (5/15)             Temple (0/1) D:5

Altars:
Cheibriados
Wu Jian

Shops:
D:1 :

Annotations:
D:5 Dowan, Duvessa


Message History

Aiming: Ensorcelled Hibernation (safe; 4% risk of failure)
Press: ? - help, Shift-Dir - straight line, f/p - Duvessa
Aim: Duvessa, wielding a +0 short sword and wearing a +0 leather armour (chance to affect: 32%) Duvessa easily resists.
Duvessa closely misses you.
Casting: Ensorcelled Hibernation (safe; 4% risk of failure)
Confirm with . or Enter, or press ? or * to list all spells.
Aiming: Ensorcelled Hibernation (safe; 4% risk of failure)
Press: ? - help, Shift-Dir - straight line, f/p - Duvessa
Aim: Duvessa, wielding a +0 short sword and wearing a +0 leather armour (chance to affect: 32%) Duvessa easily resists.
Casting: Ensorcelled Hibernation (safe; 4% risk of failure)
Confirm with . or Enter, or press ? or * to list all spells.
Aiming: Ensorcelled Hibernation (safe; 4% risk of failure)
Press: ? - help, Shift-Dir - straight line, f/p - Duvessa
Aim: Duvessa, wielding a +0 short sword and wearing a +0 leather armour (chance to affect: 32%) Duvessa easily resists.
Duvessa hits you with a +0 short sword. Dowan hits you with a +0 dagger.
Duvessa hits you but does no damage.
Dowan mumbles some strange words.
Dowan blinks!
Duvessa attacks as you move away! Duvessa closely misses you.
Duvessa attacks as you move away! Duvessa hits you with a +0 short sword!
Dowan barely misses you.
Duvessa gestures with her weapon.
Your magical contamination has completely faded away.
Dowan points at Duvessa and mumbles some strange words.
Duvessa seems to speed up.
You see here a +0 short sword.
Duvessa attacks as you move away! Duvessa hits you with a +0 short sword!
Duvessa hits you with a +0 short sword.
* * * LOW HITPOINT WARNING * * *
Dowan says, "Stay away from my face!"
Duvessa barely misses you. Duvessa attacks as you move away!
Duvessa hits you with a +0 short sword!
* * * LOW HITPOINT WARNING * * *
Dowan gestures wildly while chanting.
Dowan blinks!
You fade into invisibility!
Duvessa hits you with a +0 short sword.
You die...

....#.#†#......+
.......(.......#
...#.8.#...+.#.
.#.......#...# #
...8.>.8...#.# #.
.#.......#...#.#.###
...#)8.#.....#....<#
##..........)#####.#
#..#.#.....§..e@..#
#......#.......####
#...#.##..e....#
##.............#
#..##.#.......#
##....#.......# ##.#
##......# #..
####+#.# #. #.#


You could see Duvessa (fast, unable to see you) and Dowan (unable to see you).

Vanquished Creatures
  Menkaure (D:4)
  An ogre (D:4)
  An orc priest (D:3)
  A jelly (D:5)
  An orc wizard (D:3)
  5 adders
  7 gnolls (D:4)
  A white imp (D:5)
  An ufetubus (D:4)
  2 worms (D:4)
  A dart slug (D:4)
  10 orcs
  10 ball pythons
  6 endoplasms
  4 giant cockroaches
  8 goblins
  3 hobgoblins
  8 jackals
  5 quokkas
  8 bats
  5 frilled lizards
  10 kobolds
  3 rats
102 creatures vanquished.

Notes
Turn   | Place    | Note
-------+----------+-------------------------------------------
     0 | D:1      | Coaxmetal the Deep Elf Enchanter began the quest for the
                  | Orb.
     0 | D:1      | Reached XP level 1. HP: 10/10 MP: 6/6
   162 | D:1      | Reached skill level 4 in Stealth
   238 | D:1      | Found Paiphuex's Book Shoppe.
   261 | D:1      | Reached XP level 2. HP: 15/15 MP: 8/8
   289 | D:1      | Found a faded altar of an unknown god.
   702 | D:1      | Learned a level 2 spell: Ensorcelled Hibernation
   762 | D:1      | Reached XP level 3. HP: 17/19 MP: 4/9
  1245 | D:2      | Reached skill level 5 in Stealth
  1967 | D:3      | Learned a level 3 spell: Confusing Touch
  2010 | D:3      | Reached skill level 1 in Ice Magic
  2010 | D:3      | Reached XP level 4. HP: 21/24 MP: 7/10
  2207 | D:3      | Got Sif Muna's Disquisition on Non-Euclidean Confrontation
  2288 | D:3      | Reached skill level 6 in Stealth
  2466 | D:3      | Reached XP level 5. HP: 28/28 MP: 6/11
  3594 | D:4      | Noticed Menkaure
  3610 | D:4      | Killed Menkaure
  3611 | D:4      | Reached skill level 7 in Stealth
  3611 | D:4      | Reached XP level 6. HP: 9/32 MP: 9/12
  4388 | D:4      | Found a snail-covered altar of Cheibriados.
  4542 | D:4      | Found an ornate altar of the Wu Jian Council.
  4722 | D:5      | Entered Level 5 of the Dungeon
  4731 | D:5      | Found a staircase to the Ecumenical Temple.
  4772 | D:5      | Reached XP level 7. HP: 36/36 MP: 10/13
  4794 | D:5      | Noticed Duvessa
  4800 | D:5      | Noticed Dowan
  4818 | D:5      | Slain by Duvessa

Illustrated notes

Levels and vault maps discovered:
D:1:      dpeg_arrival_court, layout_basic, nicolae_ecumenical_lake_church,
          serial_shops, nicolae_shop_trees, minmay_small_reverse_x
D:2:      layout_basic, chequers_serial_rivers_small_b
D:3:      layout_basic, kennysheep_decorative_pillar, minmay_goblin_kobold_house
D:4:      layout_basic, mainiacjoe_overflow_boulevard, slow_altar_2,
          uniq_menkaure
D:5:      minmay_inner_zag, layout_basic, minmay_temple_entry_sparse_star,
          uniq_blork_the_orc, uniq_duvessa

Skill      XL: |  1  2  3  4  5  6 |
---------------+-------------------+-----
Stealth        | 4 5 6 7 |  7.0
Short Blades   | 2 3 4 |  4.8
Ice Magic      | 1 2 3 |  3.0
Dodging        | |  2.4
Spellcasting   | |  3.0
Hexes          | |  4.2

Action                   |  1- 3 |  4- 6 |  7- 9 || total
-------------------------+-------+-------+-------++-------
Melee: Dagger            |    92 |   105 |     1 ||   198
Throw: Stone             |     2 |    25 |       ||    27
 Cast: Ensorcelled Hiber |    19 |    55 |     6 ||    80
       Confusing Touch   |       |     4 |       ||     4
  Use: Potion            |       |       |     1 ||     1
 Stab: Sleeping          |    28 |    44 |     1 ||    73
       Confused          |       |     4 |       ||     4
Armor: Robe              |    12 |    13 |     1 ||    26
Dodge: Dodged            |    47 |    71 |     6 ||   124

Table legend: (Time is in decaauts)
 A = Elapsed time spent in this place.
 B = Non-inter-level travel time spent in this place.
 C = Inter-level travel time spent in this place.
 D = Time resting spent in this place.
 E = Time spent auto-exploring this place.
 F = Levels seen in this place.
 G = Mean time per level.
                   A        B        C        D        E       F      G
               +--------+--------+--------+--------+--------+-----+--------+
         Total |   4800 |   4646 |    154 |    924 |   2710 |   5 |  960.0 |
       Dungeon |   4800 |   4646 |    154 |    924 |   2710 |   5 |  960.0 |
               +--------+--------+--------+--------+--------+-----+--------+

Top non-repeatable levels by time:
     D:3: 1497 daAuts
     D:4: 1228 daAuts
     D:1: 1208 daAuts
     D:2: 773 daAuts
     D:5: 92 daAuts
